 Dungeon Crawl Stone Soup version 0.31-a0-705-ga145531891 (webtiles) character file.

Game seed: 17739208975575190775

235 runemasterragnar the Changeling (level 6, 0/47 HPs)
             Began as a Human Shapeshifter on Sept 9, 2023.
             Succumbed to an orc's poison
             ... on level 3 of the Dungeon.
             The game lasted 00:03:00 (1622 turns).

runemasterragnar the Changeling (HuSh)              Turns: 1622, Time: 00:03:01

Health: 0/47       AC:  6    Str: 16    XL:     6   Next: 26%
Magic:  6/6        EV: 10    Int: 10    God:
Gold:   50         SH:  0    Dex: 13    Spells: 5/5 levels left

rFire   . . .        f - +0 great mace
rCold   . . .        (shield currently unavailable)
rNeg    . . .        j - +0 scale mail
rPois   .            (helmet currently unavailable)
rElec   .            (cloak currently unavailable)
rCorr   .            (gloves currently unavailable)
SInv    .            (boots currently unavailable)
Will    .....        (no amulet) Stlth
                     (no ring)
HPRegen 0.27/turn    (no ring)
MPRegen 0.10/turn

%: no passive effects
@: mighty, lethally poisoned (0 -> -7), beast-form
A: beast (slay +2)
a: Begin Untransformation


You were on level 3 of the Dungeon.
You were a hulking beast.
You visited 1 branch of the dungeon, and saw 3 of its levels.

You collected 62 gold pieces.
You spent 12 gold pieces at shops.

Inventory:

Hand Weapons
 f - a +0 great mace (weapon)
Armour
 a - a +0 animal skin
 g - a +0 kite shield
 j - a +0 scale mail (worn)
 l - a +0 pair of boots
 m - the +0 buckler of Least Resistance {Fly}
   (You found it on level 2 of the Dungeon)

   Fly:       It grants you flight.
Talismans
 c - a beast talisman (active)
 d - a flux talisman
Scrolls
 k - a scroll of immolation {unknown}
Potions
 h - a potion of degeneration


   Skills:
 + Level 3.0 Fighting
 + Level 1.7 Maces & Flails
 + Level 1.8 Armour
 - Level 2.4 Dodging
 - Level 3.5 Unarmed Combat
 + Level 4.0 Shapeshifting


You had 5 spell levels left.
You didn't know any spells.
Your spell library was empty.

Dungeon Overview and Level Annotations

Branches:
Dungeon (3/15)

Altars:
Zin

Shops:
D:2 *   D:3 !

Annotations:
D:2 Sigmund


Message History

Your Shapeshifting skill increases to level 4!
You sock the orc!
You kill the orc!
The orc completely misses you. The orc barely misses you.
The orc hits you with a +0 trident.
* * * LOW HITPOINT WARNING * * *
Things that are here:
a +0 hand axe; a +0 mace; an orc corpse You thump the orc!
You kill the orc!
The orc misses you.
You hit the orc.
The orc is heavily wounded.
The orc misses you. The orc barely misses you.
You closely miss the orc.
The orc is heavily wounded.
The orc closely misses you.
You barely miss the orc.
The orc is heavily wounded.
The orc hits you but does no damage. x2
You are poisoned.
You barely miss the orc.
The orc is heavily wounded.
* * * LOW HITPOINT WARNING * * *
You feel very sick. The orc hits you but does no damage.
You are lethally poisoned!
Unknown command.
You hit the orc.
You kill the orc!
* * * LOW HITPOINT WARNING * * *
You feel very sick.
Unknown command.
Okay, then.
* * * LOW HITPOINT WARNING * * *
You feel very sick.
The goblin shouts!
Things that are here:
a +1 hand axe of venom; a +0 ring mail; a +0 trident You die...

,,**,+......(.#..####*,* *,,,,,,
,,**,*........#..#<##*,* *,,,,,,
,***,*........#..#.##*,* **,,,,,
,***,,........#..#.##*,* *,,,,,
,+,+,,..#######..#.##*,*****,,,,,
,***,,..#######..#.##*,,,,,+,,,,,
,,,*,,.........).#.##*******,,,,,
,,,*,,...#######)#∩## *,,,,,
,,,*,,...#.....#h#.#######**,,,,,
,,,*,,...#.###.#.#..).....,,,,,,,
****,,...#.###.#..........,,,,*+*
,,,*,,...#.#...#..........,,,,*,,
**,,,,.......###g.........,,,,*,,
*****+##.........#########*,,,,,,
,,,**,**,....#...........,*,,,*,*
,,,+,,,,,..,,#.......o...,*,,,*,,
,,,**,,**,,,,#...........,*,,,*,,


You could see a goblin.

Vanquished Creatures
  A jelly (D:2)
  2 orc priests
  Jessica (D:2)
  2 orc wizards (D:2)
  A gnoll (D:1)
  An ufetubus (D:3)
  A dart slug (D:1)
  6 orcs
  4 bats
  5 endoplasms
  4 goblins
  4 hobgoblins
  3 quokkas
  7 ball pythons
  3 frilled lizards
  2 kobolds
  3 rats
50 creatures vanquished.

Notes
Turn   | Place    | Note
-------+----------+-------------------------------------------
     0 | D:1      | runemasterragnar the Human Shapeshifter began the quest for
                  | the Orb.
     0 | D:1      | Reached XP level 1. HP: 15/15 MP: 1/1
   136 | D:1      | Reached XP level 2. HP: 4/21 MP: 2/2
   230 | D:1      | Found a faded altar of an unknown god.
   286 | D:1      | Reached XP level 3. HP: 23/26 MP: 3/3
   933 | D:2      | Reached XP level 4. HP: 3/33 MP: 4/4
  1076 | D:2      | Noticed Jessica
  1083 | D:2      | Killed Jessica
  1086 | D:2      | Reached XP level 5. HP: 30/39 MP: 5/5
  1093 | D:2      | Found a glowing silver altar of Zin.
  1176 | D:2      | Identified the +0 buckler of Least Resistance {Fly}
  1192 | D:2      | Reached skill level 1 in Maces & Flails
  1192 | D:2      | Reached skill level 1 in Armour
  1201 | D:2      | Reached XP level 6. HP: 18/46 MP: 6/6
  1529 | D:2      | Found Cuysotouju's General Store.
  1566 | D:2      | Noticed Sigmund
  1576 | D:3      | Found Wacie's Distillery.
  1583 | D:3      | Bought a potion of degeneration for 12 gold pieces
  1613 | D:3      | Reached skill level 4 in Shapeshifting
  1621 | D:3      | HP: 2/47 [poisoned by an orc]
  1622 | D:3      | Succumbed to an orc's poison

Illustrated notes

Levels and vault maps discovered:
D:1:      lightli_arrival_windingriver, layout_basic,
          ebering_ecumenical_altar_rust, chequers_jeans
D:2:      cheibrodos_pilgrimage, layout_loops_ring, basic_altar, serial_shops,
          shop, uniq_jessica, uniq_sigmund
D:3:      layout_basic, grunt_dithmenos_smoke, serial_shops, shop, wad_orctagon,
          uniq_robin, uniq_grinder

Skill      XL: |  1  2  3  4  5  6 |
---------------+-------------------+-----
Fighting       | 2 3 |  3.0
Maces & Flails | 1 |  1.7
Armour         | 1 |  1.8
Shapeshifting  | 4 |  4.0
Dodging        | |  2.4
Unarmed Combat | |  3.5

Action                     |  1- 3 |  4- 6 || total
---------------------------+-------+-------++-------
  Melee: Unarmed           |    21 |    13 ||    34
         Punch             |     3 |       ||     3
         Great mace        |    40 |    40 ||    80
    Use: Potion            |       |     3 ||     3
         Scroll            |       |     2 ||     2
   Stab: Sleeping          |     4 |       ||     4
 Armour: Animal skin       |    34 |       ||    34
         Scale mail        |       |    32 ||    32
         Skin              |       |    12 ||    12
  Dodge: Dodged            |    67 |    25 ||    92

Table legend: (Time is in decaauts)
 A = Elapsed time spent in this place.
 B = Non-inter-level travel time spent in this place.
 C = Inter-level travel time spent in this place.
 D = Time resting spent in this place.
 E = Time spent auto-exploring this place.
 F = Levels seen in this place.
 G = Mean time per level.
                   A        B        C        D        E       F      G
               +--------+--------+--------+--------+--------+-----+--------+
         Total |   1675 |   1657 |     18 |    401 |    855 |   3 |  558.3 |
       Dungeon |   1675 |   1657 |     18 |    401 |    855 |   3 |  558.3 |
               +--------+--------+--------+--------+--------+-----+--------+

Top non-repeatable levels by time:
     D:1: 1071 daAuts
     D:2: 549 daAuts
     D:3: 54 daAuts
